AoeStats
← TikiTiki95

Black Forest

510394038Analyzed
3v3 RM · 15h ago on Sep 30, 2026· 26m 36s· 6 players
Game mode
Random Map
Map size
Normal (6 player)
Population
200
Speed
Normal
Resources
Standard
Victory
Conquest
Starting age
Dark Age
Ending age
Imperial Age
RankedLock teamsTeams togetherTeam positionsShared explorationLock speedFull tech treeHidden civsTurbo modeCheats
Victory
Defeat
🇦🇷 Persians · Argentina
1107
+15
🇯🇵 Sicilians · Japan
1103
+15
🇧🇪 Romans · Belgium
1048
+17
🇺🇸 Saracens · United States
1101
-17
🇪🇸 Mapuche · Spain
1076
-16
🇵🇪 Spanish · Peru
1050
-14
Condorito Superstar
9:24 Feudal Age
7:40 Loom
10:45 Double-Bit Axe
15:13 Wheelbarrow
18:38 Castle Age
17:20 Fletching
17:57 Padded Archer Armor
19:26 Bodkin Arrow
19:41 Scale Barding Armor
CarolusGulielmus
0:56 Loom
1:51 Loom
11:17 Feudal Age
11:49 Double-Bit Axe
13:55 Man-at-Arms
20:28 Castle Age
20:09 Stone Mining
Bal
7:47 Loom
10:53 Feudal Age
13:53 Fletching
22:50 Double-Bit Axe
PietrusIV
1:28 Loom
12:24 Feudal Age
14:01 Double-Bit Axe
19:27 Castle Age
22:15 Horse Collar
22:58 Bow Saw
TikiTiki95
12:39 Feudal Age
17:29 Castle Age
16:08 Double-Bit Axe
17:14 Scale Barding Armor
17:52 Forging
18:02 Horse Collar
only vills
7:35 Loom
19:48 Feudal Age
20:20 Town Watch
23:41 Castle Age
22:51 Fletching
24:29 Fishing Lines
24:52 Bodkin Arrow
Connection lost

Rejoining the realm…

Still unreachable

The connection could not be restored.

Session expired

The server has moved on; the page needs a fresh start.